| TOP OF THE 1ST |
|
St. Cloud Rox batting - Pitching for Watertown Bucks : RHP Thomas Siebert
|
|
Pitching: RHP Thomas Siebert
|
|
|
Batting: LHB Doran Perdue
|
0-0: Ball 1-0: Foul Ball, location: 2F 1-1: Foul Ball, location: 2F 1-2: Fly out, F8 (Flyball, 8RD, EV 96.9 MPH)
|
|
Batting: RHB Ron Gardenhire
|
0-0: Ball 1-0: Ball 2-0: Called Strike 2-1: Fly out, F4 (Popup, 4, EV 67.5 MPH)
|
|
Batting: SHB R J Reynolds
|
0-0: Ball 1-0: Foul Ball, location: 2F 1-1: Ball 2-1: Ball 3-1: Base on Balls
|
|
Batting: LHB Tim Flannery
|
0-0: Ball 1-0: Called Strike 1-1: Ball 2-1: Ball 3-1: Base on Balls R J Reynolds to second
|
|
Batting: LHB Curtis Morgan
|
0-0: Ball 1-0: SINGLE (Line Drive, 6D, EV 99.4 MPH) R J Reynolds to third Tim Flannery to second Runner from 3rd tries for Home, SAFE, throw by CF to home Tim Flannery to third Curtis Morgan to second
|
|
Batting: RHB Dennis Sherrill
|
0-0: Foul Ball, location: 2F 0-1: Called Strike 0-2: Ball 1-2: Foul Ball, location: 2F 1-2: SINGLE (Line Drive, 8RS, EV 93.1 MPH) Tim Flannery scores Curtis Morgan to third Runner from 3rd tries for Home, SAFE, throw by CF to home Dennis Sherrill to second
|
|
Batting: SHB Manny Galvez
|
0-0: Ground out 5-3 (Groundball, 5, EV 85.0 MPH)
|
| Top of the 1st over - 3 runs, 2 hits, 0 errors, 1 left on base; St. Cloud 3 - Watertown 0 |
| BOTTOM OF THE 1ST |
|
Watertown Bucks batting - Pitching for St. Cloud Rox : RHP Marcos Cortez
|
|
Pitching: RHP Marcos Cortez
|
|
|
Batting: SHB Luis Rivera
|
0-0: Ball 1-0: Ball 2-0: Ball 3-0: Called Strike 3-1: Foul Ball, location: 2F 3-2: Ground out 4-3 (Groundball, 4, EV 83.1 MPH)
|
|
Batting: RHB Robert Tanzi
|
0-0: SINGLE (Flyball, 56D, EV 89.4 MPH)
|
|
Batting: LHB Bryan Neal
|
0-0: Grounds into double play, 5-4-3 (Groundball, 5S, EV 84.4 MPH)
|
| Bottom of the 1st over - 0 runs, 1 hit, 0 errors, 0 left on base; St. Cloud 3 - Watertown 0 |
| TOP OF THE 2ND |
|
St. Cloud Rox batting - Pitching for Watertown Bucks : RHP Thomas Siebert
|
|
Batting: RHB Butch Benton
|
0-0: Ball 1-0: Called Strike 1-1: Called Strike 1-2: Foul Ball, location: 2F 1-2: Fly out, F7 (Flyball, 7D, EV 104.4 MPH)
|
|
Batting: RHB Jack Hudson
|
0-0: Ball 1-0: Ball 2-0: Called Strike 2-1: Ball 3-1: Foul Ball, location: 2F 3-2: Fly out, F7 (Flyball, 7, EV 85.6 MPH)
|
|
Batting: LHB Doran Perdue
|
0-0: Ball 1-0: Ball 2-0: Ball 3-0: Called Strike 3-1: Called Strike 3-2: Base on Balls
|
|
Batting: RHB Ron Gardenhire
|
0-0: Ball Wild Pitch! Doran Perdue to second 1-0: Ground out 6-3 (Groundball, 6, EV 100.6 MPH)
|
| Top of the 2nd over - 0 runs, 0 hits, 0 errors, 1 left on base; St. Cloud 3 - Watertown 0 |
| BOTTOM OF THE 2ND |
|
Watertown Bucks batting - Pitching for St. Cloud Rox : RHP Marcos Cortez
|
|
Batting: RHB Richard Plautz
|
0-0: Swinging Strike 0-1: Ball 1-1: Foul Ball, location: 2F 1-2: Foul Ball, location: 2F 1-2: Foul Ball, location: 2F 1-2: Ball 2-2: Fly out, F7 (Flyball, 7, EV 86.9 MPH)
|
|
Batting: LHB Greg Guin
|
0-0: Ball 1-0: Foul Ball, location: 2F 1-1: Fly out, F7 (Line Drive, 7, EV 84.4 MPH)
|
|
Batting: RHB Eugene Cattane
|
0-0: Ground out 4-3 (Groundball, 4M, EV 90.0 MPH)
|
| Bottom of the 2nd over - 0 runs, 0 hits, 0 errors, 0 left on base; St. Cloud 3 - Watertown 0 |
| TOP OF THE 3RD |
|
St. Cloud Rox batting - Pitching for Watertown Bucks : RHP Thomas Siebert
|
|
Batting: SHB R J Reynolds
|
0-0: Called Strike 0-1: Ball 1-1: Ball 2-1: Ball 3-1: Foul Ball, location: 2F 3-2: Base on Balls
|
|
Batting: LHB Tim Flannery
|
0-0: Ball 1-0: Foul Ball, location: 2F 1-1: Ball R J Reynolds is caught stealing 2nd base 2-6 2-1: Fly out, F7 (Flyball, 7S, EV 78.8 MPH)
|
|
Batting: LHB Curtis Morgan
|
0-0: Called Strike 0-1: Ball 1-1: Fly out, F8 (Flyball, 8RXD, EV 83.8 MPH)
|
| Top of the 3rd over - 0 runs, 0 hits, 0 errors, 0 left on base; St. Cloud 3 - Watertown 0 |
| BOTTOM OF THE 3RD |
|
Watertown Bucks batting - Pitching for St. Cloud Rox : RHP Marcos Cortez
|
|
Batting: RHB Sebastiano Borriello
|
0-0: Called Strike 0-1: SINGLE (Groundball, P, EV 85.6 MPH) (infield hit)
|
|
Batting: RHB Thomas Dimino
|
0-0: Called Strike 0-1: Foul Ball, location: 2F 0-2: Ball 1-2: Ball 2-2: Strikes out swinging
|
|
Batting: LHB Carl Spikes
|
0-0: Ball 1-0: Ground out 3-1 (Groundball, 3S, EV 88.1 MPH) Sebastiano Borriello to second
|
|
Batting: SHB Luis Rivera
|
0-0: Ball 1-0: Called Strike 1-1: Foul Ball, location: 2F 1-2: Ball 2-2: Foul Ball, location: 2F 2-2: Ball 3-2: Base on Balls
|
|
Batting: RHB Robert Tanzi
|
0-0: Ball 1-0: SINGLE (Line Drive, 7LS, EV 105.6 MPH) Sebastiano Borriello to third Luis Rivera to second Runner from 3rd tries for Home, SAFE, throw by LF to home
|
|
Batting: LHB Bryan Neal
|
0-0: Foul Ball, location: 2F 0-1: Ball 1-1: Ball 2-1: Called Strike 2-2: Ball 3-2: Fly out, F8 (Flyball, 8LXD, EV 80.6 MPH)
|
| Bottom of the 3rd over - 1 run, 2 hits, 0 errors, 2 left on base; St. Cloud 3 - Watertown 1 |
| TOP OF THE 4TH |
|
St. Cloud Rox batting - Pitching for Watertown Bucks : RHP Thomas Siebert
|
|
Batting: RHB Dennis Sherrill
|
0-0: SINGLE (Groundball, 56, EV 101.3 MPH) (infield hit)
|
|
Batting: SHB Manny Galvez
|
0-0: Called Strike 0-1: Called Strike 0-2: SINGLE (Groundball, 5L, EV 78.1 MPH) (infield hit) Dennis Sherrill to second
|
|
Batting: RHB Butch Benton
|
0-0: Ball 1-0: Called Strike 1-1: Foul Ball, location: 2F 1-2: Strikes out looking
|
|
Batting: RHB Jack Hudson
|
0-0: Ball 1-0: Ball 2-0: Ball 3-0: Called Strike 3-1: Swinging Strike 3-2: SINGLE (Line Drive, 6D, EV 95.6 MPH) Dennis Sherrill to third Manny Galvez to second Runner from 3rd tries for Home, SAFE, throw by CF to home
|
|
Batting: LHB Doran Perdue
|
0-0: Ball Manny Galvez is caught stealing 3rd base 2-5 1-0: Foul Ball, location: 2F 1-1: Foul Ball, location: 2F 1-2: Reached on error, E5 (Groundball, 5, EV 111.9 MPH) Jack Hudson to second
|
|
Batting: RHB Ron Gardenhire
|
0-0: Ball 1-0: Ball 2-0: Ball 3-0: Base on Balls Jack Hudson to third Doran Perdue to second
|
|
Batting: SHB R J Reynolds
|
0-0: Ball 1-0: Ball 2-0: Fielders Choice at 2nd, 6-4 (Groundball, 6, EV 83.1 MPH)
|
| Top of the 4th over - 1 run, 3 hits, 1 error, 3 left on base; St. Cloud 4 - Watertown 1 |
| BOTTOM OF THE 4TH |
|
Watertown Bucks batting - Pitching for St. Cloud Rox : RHP Marcos Cortez
|
|
Batting: RHB Richard Plautz
|
0-0: Ground out 5-3 (Groundball, 56, EV 84.4 MPH)
|
|
Batting: LHB Greg Guin
|
0-0: Ground out 4-3 (Groundball, 4MS, EV 85.6 MPH)
|
|
Batting: RHB Eugene Cattane
|
0-0: Foul Ball, location: 2F 0-1: Swinging Strike 0-2: Foul Ball, location: 2F 0-2: Strikes out swinging
|
| Bottom of the 4th over - 0 runs, 0 hits, 0 errors, 0 left on base; St. Cloud 4 - Watertown 1 |
| TOP OF THE 5TH |
|
St. Cloud Rox batting - Pitching for Watertown Bucks : RHP Thomas Siebert
|
|
Batting: LHB Tim Flannery
|
0-0: Ground out 1-3 (Groundball, 13S, EV 71.3 MPH)
|
|
Batting: LHB Curtis Morgan
|
0-0: Ball 1-0: Swinging Strike 1-1: Swinging Strike 1-2: Ball 2-2: Ball 3-2: Base on Balls
|
|
Batting: RHB Dennis Sherrill
|
0-0: Foul Ball, location: 2F 0-1: Ball 1-1: Ball 2-1: Foul Ball, location: 2F 2-2: Grounds into double play, 4-6-3 (Groundball, 4M, EV 108.8 MPH)
|
| Top of the 5th over - 0 runs, 0 hits, 0 errors, 0 left on base; St. Cloud 4 - Watertown 1 |
| BOTTOM OF THE 5TH |
|
Watertown Bucks batting - Pitching for St. Cloud Rox : RHP Marcos Cortez
|
|
Batting: RHB Sebastiano Borriello
|
0-0: Called Strike 0-1: Called Strike 0-2: Ball 1-2: Ball 2-2: Foul Ball, location: 2F 2-2: Foul Ball, location: 2F 2-2: Foul Ball, location: 2F 2-2: Foul Ball, location: 2F 2-2: Ball 3-2: Ground out 5-3 (Groundball, 56, EV 87.5 MPH)
|
|
Batting: RHB Thomas Dimino
|
0-0: Called Strike 0-1: SINGLE (Groundball, 56D, EV 101.9 MPH)
|
|
Batting: LHB Carl Spikes
|
0-0: Ball 1-0: Ball 2-0: Foul Ball, location: 2F 2-1: Foul Ball, location: 2F 2-2: Ball 3-2: Foul Ball, location: 2F 3-2: Foul Ball, location: 2F 3-2: Strikes out looking
|
|
Batting: SHB Luis Rivera
|
0-0: Called Strike 0-1: Ball 1-1: Fielders Choice at 2nd, 6-4 (Groundball, 6, EV 80.6 MPH)
|
| Bottom of the 5th over - 0 runs, 1 hit, 0 errors, 1 left on base; St. Cloud 4 - Watertown 1 |
| TOP OF THE 6TH |
|
St. Cloud Rox batting - Pitching for Watertown Bucks : RHP Thomas Siebert
|
|
Batting: SHB Manny Galvez
|
0-0: Called Strike 0-1: Ball 1-1: Called Strike 1-2: Ground out 4-3 (Groundball, 4, EV 94.4 MPH)
|
|
Batting: RHB Butch Benton
|
0-0: Ball 1-0: Fly out, F9 (Line Drive, 9, EV 96.9 MPH)
|
|
Batting: RHB Jack Hudson
|
0-0: Ball 1-0: Fly out, F7 (Flyball, 78S, EV 91.9 MPH)
|
| Top of the 6th over - 0 runs, 0 hits, 0 errors, 0 left on base; St. Cloud 4 - Watertown 1 |
| BOTTOM OF THE 6TH |
|
Watertown Bucks batting - Pitching for St. Cloud Rox : RHP Marcos Cortez
|
|
Batting: RHB Robert Tanzi
|
0-0: Ball 1-0: Foul Ball, location: 2F 1-1: Swinging Strike 1-2: Foul Ball, location: 2F 1-2: Foul Ball, location: 2F 1-2: Fly out, F7 (Flyball, 78D, EV 109.4 MPH)
|
|
Batting: LHB Bryan Neal
|
0-0: Called Strike 0-1: Swinging Strike 0-2: Ball 1-2: Ball 2-2: SINGLE (Line Drive, 89S, EV 92.5 MPH)
|
|
Batting: RHB Richard Plautz
|
0-0: Called Strike 0-1: Foul Ball, location: 2F 0-2: Grounds into double play, 6-4-3 (Groundball, 6, EV 89.4 MPH)
|
| Bottom of the 6th over - 0 runs, 1 hit, 0 errors, 0 left on base; St. Cloud 4 - Watertown 1 |
| TOP OF THE 7TH |
|
St. Cloud Rox batting - Pitching for Watertown Bucks : RHP Thomas Siebert
|
|
Batting: LHB Doran Perdue
|
0-0: Ball 1-0: Ball 2-0: Ball 3-0: Base on Balls
|
|
Batting: RHB Ron Gardenhire
|
0-0: Bunted foul 0-1: Ball 1-1: Bunt missed! 1-2: Foul Ball, location: 2F 1-2: Ball 2-2: Fly out, F9 (Flyball, 9S, EV 87.5 MPH)
|
|
Batting: SHB R J Reynolds
|
0-0: Ball 1-0: Fielders Choice at 2nd, 2-4 (Groundball, 2L, EV 71.3 MPH)
|
|
Batting: LHB Tim Flannery
|
0-0: Called Strike 0-1: Ball 1-1: Ball 2-1: Foul Ball, location: 2F 2-2: Ball 3-2: Base on Balls R J Reynolds to second
|
|
Batting: LHB Curtis Morgan
|
0-0: Ball 1-0: Ball 2-0: Called Strike 2-1: Foul Ball, location: 2F 2-2: Ball 3-2: Base on Balls R J Reynolds to third Tim Flannery to second
|
|
Batting: RHB Dennis Sherrill
|
0-0: Swinging Strike 0-1: Ball 1-1: Ball 2-1: Ground out 5-3 (Groundball, 56S, EV 80.0 MPH)
|
| Top of the 7th over - 0 runs, 0 hits, 0 errors, 3 left on base; St. Cloud 4 - Watertown 1 |
| BOTTOM OF THE 7TH |
|
Watertown Bucks batting - Pitching for St. Cloud Rox : RHP Marcos Cortez
|
|
Batting: LHB Greg Guin
|
0-0: Called Strike 0-1: Ball 1-1: Ground out 3-1 (Groundball, 34S, EV 80.0 MPH)
|
|
Batting: RHB Eugene Cattane
|
0-0: Ground out 1-3 (Groundball, 25, EV 66.9 MPH)
|
|
Batting: RHB Sebastiano Borriello
|
0-0: Foul Ball, location: 2F 0-1: Called Strike 0-2: Strikes out looking
|
| Bottom of the 7th over - 0 runs, 0 hits, 0 errors, 0 left on base; St. Cloud 4 - Watertown 1 |
| TOP OF THE 8TH |
|
St. Cloud Rox batting - Pitching for Watertown Bucks : RHP Thomas Siebert
|
|
Batting: SHB Manny Galvez
|
0-0: Foul Ball, location: 2F 0-1: Ground out U3 (Groundball, 3, EV 86.3 MPH)
|
|
Pitching: LHP Kenneth Likewise
|
|
|
Batting: RHB Butch Benton
|
0-0: Called Strike 0-1: Hit by Pitch
|
|
Batting: RHB Jack Hudson
|
0-0: Ball 1-0: DOUBLE (Line Drive, 9LM, EV 111.3 MPH) Butch Benton to third Runner from 3rd tries for Home, SAFE, no throw by RF
|
|
Batting: LHB Doran Perdue
|
0-0: Ball 1-0: Ball 2-0: Ball 3-0: Base on Balls
|
|
Batting: RHB Ron Gardenhire
|
0-0: Ball 1-0: Swinging Strike 1-1: SINGLE (Groundball, 56D, EV 97.5 MPH) Jack Hudson to third Doran Perdue to second Runner from 3rd tries for Home, SAFE, throw by LF to trailing runner, OUT at third! 7-6-5
|
|
Batting: SHB R J Reynolds
|
0-0: Fly out, F9 (Flyball, 89M, EV 95.6 MPH)
|
| Top of the 8th over - 2 runs, 2 hits, 0 errors, 1 left on base; St. Cloud 6 - Watertown 1 |
| BOTTOM OF THE 8TH |
|
Watertown Bucks batting - Pitching for St. Cloud Rox : RHP Marcos Cortez
|
|
Batting: RHB Thomas Dimino
|
0-0: Foul Ball, location: 2F 0-1: Ball 1-1: Foul Ball, location: 2F 1-2: Ground out 4-3 (Groundball, 34, EV 86.9 MPH)
|
|
Batting: LHB Carl Spikes
|
0-0: Ball 1-0: SINGLE (Line Drive, 9S, EV 108.1 MPH)
|
|
Batting: SHB Luis Rivera
|
0-0: Ball 1-0: Ball 2-0: Called Strike 2-1: SINGLE (Groundball, 3S, EV 66.3 MPH) (infield hit) Carl Spikes to second
|
|
Pitching: RHP Mike Martinez
|
|
|
Batting: RHB Robert Tanzi
|
0-0: Grounds into double play, 6-4-3 (Groundball, 56, EV 85.0 MPH)
|
| Bottom of the 8th over - 0 runs, 2 hits, 0 errors, 1 left on base; St. Cloud 6 - Watertown 1 |
| TOP OF THE 9TH |
|
St. Cloud Rox batting - Pitching for Watertown Bucks : LHP Kenneth Likewise
|
|
Batting: LHB Tim Flannery
|
0-0: Ball 1-0: Foul Ball, location: 2F 1-1: Foul Ball, location: 2F 1-2: Ground out 4-3 (Groundball, 4S, EV 65.6 MPH)
|
|
Batting: LHB Curtis Morgan
|
0-0: Called Strike 0-1: Foul Ball, location: 2F 0-2: Strikes out swinging
|
|
Batting: RHB Dennis Sherrill
|
0-0: Swinging Strike 0-1: Ball 1-1: Ball 2-1: Foul Ball, location: 2F 2-2: Ball 3-2: Strikes out swinging
|
| Top of the 9th over - 0 runs, 0 hits, 0 errors, 0 left on base; St. Cloud 6 - Watertown 1 |
| BOTTOM OF THE 9TH |
|
Watertown Bucks batting - Pitching for St. Cloud Rox : RHP Mike Martinez
|
|
Batting: LHB Bryan Neal
|
0-0: Swinging Strike 0-1: Ball 1-1: Ball 2-1: DOUBLE (Line Drive, 9LM, EV 88.8 MPH)
|
|
Batting: RHB Richard Plautz
|
0-0: Ball 1-0: Ball 2-0: Called Strike 2-1: Ball 3-1: Foul Ball, location: 2F 3-2: SINGLE (Line Drive, 4MD, EV 95.6 MPH) Bryan Neal to third
|
|
Batting: LHB Greg Guin
|
0-0: Ball 1-0: Grounds into double play, 6-4-3 (Groundball, 6D, EV 110.0 MPH) Bryan Neal scores
|
|
Pitching: RHP Mitch Zwolensky
|
|
|
Batting: RHB Eugene Cattane
|
0-0: Ball 1-0: Foul Ball, location: 2F 1-1: Ball 2-1: Called Strike 2-2: Foul Ball, location: 2F 2-2: Ball 3-2: Strikes out swinging
|
| Bottom of the 9th over - 1 run, 2 hits, 0 errors, 0 left on base; St. Cloud 6 - Watertown 2 |
|